AoeStats
← sony910505

Arabia

510539369Analyzed
3v3 RM · 2d ago on Oct 1, 2026· 21m 27s· 6 players
Game mode
Random Map
Map size
Normal (6 player)
Population
200
Speed
Normal
Resources
Standard
Victory
Conquest
Starting age
Dark Age
Ending age
Imperial Age
RankedLock teamsTeams togetherTeam positionsShared explorationLock speedFull tech treeHidden civsTurbo modeCheats
Victory
Defeat
🇹🇼 Britons · Taiwan
1030
+12
🇹🇼 Magyars · Taiwan
952
+16
🇹🇼 Poles · Taiwan
893
+18
🇻🇳 Italians · Vietnam
1009
-18
🇰🇿 Danes · Kazakhstan
934
-15
🇹🇼 Spanish · Taiwan
894
-13
GraphBrass
4:31 Loom
10:55 Feudal Age
16:14 Castle Age
18:47 Wheelbarrow
承
7:41 Loom
9:55 Feudal Age
17:58 Double-Bit Axe
21:01 Castle Age
19:07 Horse Collar
19:34 Scale Barding Armor
19:40 Forging
20:51 Scale Mail Armor
20:45 Stone Mining
20:48 Gold Mining
FUnny
10:41 Feudal Age
12:18 Loom
15:06 Castle Age
Eagle
7:59 Loom
9:48 Feudal Age
10:35 Double-Bit Axe
19:34 Castle Age
18:06 Scale Barding Armor
20:17 Wheelbarrow
22:15 Bloodlines
22:05 Husbandry
sony910505
7:00 Loom
9:39 Feudal Age
10:32 Double-Bit Axe
18:50 Fletching
19:01 Padded Archer Armor
22:18 Wheelbarrow
allen980020
10:03 Loom
12:53 Feudal Age
18:54 Castle Age
17:06 Horse Collar
18:01 Double-Bit Axe
18:46 Forging
19:45 Bloodlines
20:41 Scale Barding Armor
20:02 Light Cavalry
22:31 Wheelbarrow
Connection lost

Rejoining the realm…

Still unreachable

The connection could not be restored.

Session expired

The server has moved on; the page needs a fresh start.